 Dungeon Crawl Stone Soup version 0.26-a0-610-g3e9335bbc7 (webtiles) character file.

Game seed: 3702351347241435995

5 Gargoyl the Skirmisher (level 1, -30/23 HPs)
             Began as a Gnoll Abyssal Knight on Sept 4, 2020.
             Was a Follower of Lugonu.
             Killed from afar by a purple draconian (41 damage)
             ... with a bolt of dispelling energy
             ... on level 1 of the Abyss.
             The game lasted 00:00:35 (368 turns).

Gargoyl the Skirmisher (Gnoll Abyssal Knight)        Turns: 368, Time: 00:00:36

Health: -30/23     AC:  3    Str: 14    XL:     1   Next: 80%
Magic:  3/3        EV: 12    Int: 14    God:    Lugonu [*.....]
Gold:   13         SH:  0    Dex: 14    Spells: 0/0 levels left

rFire    . . .     SeeInvis .   a - +1 hand axe
rCold    . . .     Faith    .   (no shield)
rNeg     . . .     Spirit   .   b - +0 leather armour
rPois    .         Reflect  .   (no helmet)
rElec    .         Harm     .   (no cloak)
rCorr    .                      (no gloves)
MR       .....                  (no boots)
Stlth    +.........             (no amulet)
HPRegen  0.07/turn              (no ring)
MPRegen  0.08/turn              (no ring)

@: no status effects
A: distributed training, fangs 1, strong nose
a: Depart the Abyss, Renounce Religion


You were on level 1 of the Abyss.
You worshipped Lugonu.
Lugonu was aware of your devotion.
You visited 0 branches of the dungeon, and saw 0 of its levels.
You visited the Abyss 1 time.

You collected 13 gold pieces.

Inventory:

Hand Weapons
 a - a +1 hand axe (weapon)
Armour
 b - a +0 leather armour (worn)


   Skills:
 + Level 6.4 Fighting
 + Level 0.1 Short Blades
 + Level 0.1 Long Blades
 + Level 4.4 Axes
 + Level 0.1 Maces & Flails
 + Level 0.1 Polearms
 + Level 0.1 Staves
 + Level 0.1 Slings
 + Level 0.1 Bows
 + Level 0.1 Crossbows
 + Level 0.1 Throwing
 + Level 4.4 Armour
 + Level 2.4 Dodging
 + Level 0.1 Stealth
 + Level 0.1 Shields
 + Level 0.1 Unarmed Combat
 + Level 0.1 Spellcasting
 + Level 0.1 Conjurations
 + Level 0.1 Hexes
 + Level 0.1 Summonings
 + Level 0.1 Necromancy
 + Level 0.1 Translocations
 + Level 0.1 Transmutations
 + Level 0.1 Fire Magic
 + Level 0.1 Ice Magic
 + Level 0.1 Air Magic
 + Level 0.1 Earth Magic
 + Level 0.1 Poison Magic
 + Level 4.4 Invocations
 + Level 0.1 Evocations


You couldn't memorise any spells.
You didn't know any spells.
Your spell library was empty.

Dungeon Overview and Level Annotations

Branches:
Dungeon (0/15)

Altars:


Innate Abilities, Weirdness & Mutations

Your experience applies equally to all skills.
You have very sharp teeth.
Your uncanny sense of smell can sniff out nearby items.


Message History

You feel yourself growing ill in the presence of the ancient zyme.
There are no items here.
Press: ? - help, Dir - move target cursor
As you read the scroll labeled ETRYHOT KUUT, it crumbles to dust.
It was a scroll of blinking.
A spatial vortex comes into view. x2
You are suddenly pulled into a different region of the Abyss!
Found a dagger.
HP restored.
Found 10 arrows.
You see here 10 arrows.
A purple draconian comes into view. It is wielding a +0 mace of protection.
The purple draconian breathes dispelling energy at you.
The bolt of dispelling energy hits you!
Ouch! That really hurt!
Unknown command.
The purple draconian breathes dispelling energy at you.
The bolt of dispelling energy hits you!!!
Ouch! That really hurt!
You die...

## . #. ##. ##...
. #.#.# # #.
#.#.# .# #..@###
.# # #.#.#.### #
# .
....###.......##
.. .#..
#.#...#.##.#....#
# ...
##.#..#.#..##..##
. .. .
#...###.###..##
##..## . .#..d..#
#...# #
......#.#...### #
# #.. # #
#..#....#..#.# .#
∆ #


You could see a purple draconian (catching breath).

Vanquished Creatures
  An ufetubus (Abyss:1)
1 creature vanquished.

Notes
Turn   | Place    | Note
-------+----------+-------------------------------------------
     0 | Abyss:1  | Gargoyl the Gnoll Abyssal Knight began the quest for the
                  | Orb.
     0 | Abyss:1  | Reached XP level 1. HP: 23/23 MP: 3/3
    73 | Abyss:1  | Found a hide-covered altar of Uskayaw.
    93 | Abyss:1  | Noticed an ancient zyme
   110 | Abyss:1  | Noticed a spatial vortex
   110 | Abyss:1  | Noticed a spatial vortex
   343 | Abyss:1  | Noticed a purple draconian
   368 | Abyss:1  | Killed from afar by a purple draconian

Illustrated notes

Levels and vault maps discovered:
Abyss:1

Action                   || total
-------------------------++-------
Melee: Hand axe          ||     8
  Use: Scroll            ||     2
Armor: Leather armour    ||     2
Dodge: Dodged            ||    16

Table legend: (Time is in decaauts)
 A = Elapsed time spent in this place.
 B = Non-inter-level travel time spent in this place.
 C = Inter-level travel time spent in this place.
 D = Time resting spent in this place.
 E = Time spent auto-exploring this place.
 F = Levels seen in this place.
 G = Mean time per level.
                   A        B        C        D        E       F      G
               +--------+--------+--------+--------+--------+-----+--------+
         Total |    368 |    368 |      0 |      0 |    306 |   1 |  368.0 |
         Abyss |    368 |    368 |      0 |      0 |    306 |   1 |  368.0 |
               +--------+--------+--------+--------+--------+-----+--------+

Top non-repeatable levels by time:
 Abyss:1: 368 daAuts
